Map: Línea Aguablanca EE

Players

MeiMisakiNyu

  • Race: Zerg Zerg
  • League: Gold
  • Spawn Location: 6:00

Valtiel

  • Race: Protoss Protoss
  • League: Bronze
  • Spawn Location: 7:00

SeigenKTA

  • Race: Terran Terran
  • Spawn Location: 7:00

TATORREA - Winner!

  • Race: Protoss Protoss
  • League: Gold
  • Spawn Location: 1:00

MrFercho - Winner!

  • Race: Zerg Zerg
  • League: Gold
  • Spawn Location: 12:00

tigro - Winner!

  • Race: Terran Terran
  • League: Bronze
  • Spawn Location: 1:00

VOD

Have the link to the VOD?

Description

Time

  • Played on: Aug. 21, 2020, 9:45 p.m.
  • Length: 18:27
Show
View Real Time Build Order
Export as new Build Order

MeiMisakiNyu Zerg 

Build Orders: Hatch First 

Get SALT Encoding   

  12  0:01  Drone  
  13  0:08  Drone  
  14  0:17  Overlord  
  14  0:35  Drone  
  14  0:36  Drone x2  
  17  0:49  Drone  
  18  0:59  Hatchery  
  18  1:02  Drone  
  18  1:03  Extractor  
  17  1:14  Drone  
  18  1:23  Spawning Pool  
  17  1:25  Drone  
  18  1:33  Drone  
  19  1:44  Drone  
  20  2:12  Queen  
  20  2:13  Queen  
  20  2:14  Overlord  
  24  2:17  Hatchery  
  24  2:20  Metabolic Boost  
  23  2:27  Drone x2  
  25  2:31  Drone  
  25  2:34  Drone  
  27  2:56  Drone x5  
  32  3:03  Overlord  
  32  3:07  Overlord  
  32  3:23  Drone x3  
  35  3:33  Lair  
  35  3:37  Drone  
  35  3:38  Drone x4  
  35  3:39  Drone x2  
  42  3:43  Drone x2  
  42  3:45  Queen  
  46  4:04  Extractor  
  46  4:08  Extractor  
  44  4:11  Drone x3  
  47  4:19  Drone x3  
  47  4:20  Overlord  
  47  4:21  Overlord x2  
  50  4:32  Spire  
  50  4:37  Drone  
  50  4:41  Drone x4  
  50  4:42  Drone x5  
  50  4:43  Drone x2  
  61  5:02  Drone x2  
  61  5:03  Overlord, Drone x4  
  61  5:04  Overlord  
  67  5:07  Extractor  
  67  5:09  Extractor, Drone x2  
  67  5:21  Drone x3  
  70  5:32  Overlord x2  
  70  5:44  Infestation Pit  
  70  5:49  Evolution Chamber, Mutalisk  
  68  5:50  Mutalisk x6  
  83  5:57  Zergling x12  
  84  6:09  Zergling x2  
  84  6:10  Zergling x16  
  79  6:24  Mutalisk x2  
  78  6:36  Drone x3  
  78  6:38  Queen  
  83  6:46  Mutalisk x2  
  83  7:01  Drone x3  
  86  7:16  Mutalisk x3  
  81  7:25  Overlord x3  
  81  7:28  Mutalisk  
  77  7:37  Drone x3  
  77  7:38  Drone x4  
  77  7:40  Drone  
  85  7:47  Queen  
  85  7:48  Queen x2  
  91  7:54  Mutalisk x4  
  99  8:07  Zergling x6  
  100  8:14  Zergling x10  
  101  8:26  Zerg Melee Weapons Level 1  
  93  8:48  Corruptor  
  93  8:49  Corruptor x5  
  93  8:51  Zergling x2  
  93  8:52  Zergling x4  
  108  9:03  Zergling x14  
  108  9:04  Zergling x2  
  108  9:05  Zergling x2  
  117  9:14  Overlord  
  117  9:15  Overlord  
  109  9:25  Zergling x2  
  109  9:26  Zergling x4  
  112  9:33  Baneling Nest  
  109  9:44  Zergling x20  
  113  10:08  Zergling x12  
  111  10:27  Baneling  
  111  10:28  Baneling x23  
  111  10:30  Zergling x12  
  111  10:31  Zergling x2  
  111  10:35  Infestation Pit  
  117  10:37  Zergling x2  
  118  10:45  Hatchery  
  117  10:55  Centrifical Hooks  
  117  11:00  Zergling x2  
  117  11:01  Zergling x24  
  130  11:11  Overlord x2  
  130  11:13  Overlord  
  130  11:16  Overlord x2  
  130  11:20  Zergling x4  
  130  11:22  Zergling x2, Hive  
  130  11:23  Zergling x6  
  136  11:41  Zergling x2  
  136  11:42  Zergling x12  
  136  11:45  Zergling x6  
  136  11:46  Zergling x2  
  147  12:00  Drone x6  
  153  12:04  Drone  
  154  12:15  Zergling x2  
  154  12:16  Zergling x16  
  163  12:24  Queen  
  165  12:36  Drone x5  
  165  12:37  Drone x4  
  174  12:44  Ultralisk Cavern  
  174  12:50  Baneling x2  
  174  12:51  Baneling x12  
  173  12:53  Zergling x20  
  173  12:54  Zergling x4  
  173  12:58  Zergling x2  
  186  13:07  Zergling x10  
  181  13:15  Zergling x2  
  181  13:16  Zergling x8  
  181  13:17  Zergling x4  
  136  13:26  Zergling x4  
  113  13:34  Zergling x2  
  113  13:35  Zergling x6  
  113  13:46  Ultralisk  
  113  13:47  Ultralisk x6  
  113  13:48  Zergling x2  
  131  14:02  Ultralisk x4  
  161  14:03  Ultralisk  
  161  14:06  Overseer  
  161  14:07  Overseer  
  161  14:10  Chitinous Plating  
  161  14:33  Ultralisk, Zergling x2  
  161  14:34  Zergling x28  
  180  15:00  Zergling x2  
  180  15:01  Zergling x14  
  182  15:23  Spawning Pool  
  182  15:26  Ultralisk  
  187  15:29  Overlord x4, Anabolic Synthesis  
  187  15:31  Overseer  
  187  15:32  Overseer x2  
  187  15:33  Pneumatized Carapace  
  181  15:46  Ultralisk  
  187  15:56  Baneling x5  
  187  15:57  Baneling x4  
  187  15:58  Baneling x11  
  187  16:10  Zergling x14  
  187  16:11  Zergling x22  
  152  16:23  Zergling x2  
  152  16:24  Zergling x6  
  148  16:33  Ultralisk  
  146  16:50  Ultralisk  
  146  16:52  Zergling x16  
  81  17:15  Hatchery  
  76  17:34  Spawning Pool  
Show
View Real Time Build Order
Export as new Build Order

Valtiel Protoss 

Build Orders:  

Get SALT Encoding   

  12  0:07  Probe  
  13  0:28  Pylon  
  13  0:32  Probe  
  14  0:44  Probe  
  15  0:50  Gateway  
  15  0:53  Assimilator  
  15  0:57  Probe  
  16  1:09  Probe  
  17  1:44  Probe  
  18  1:54  Cybernetics Core  
  18  1:56  Probe  
  19  2:38  Assimilator, Nexus  
  19  3:25  Stargate  
  19  3:27  Stargate  
  19  3:30  Pylon  
  19  3:32  Pylon  
  19  3:33  Probe  
  20  3:37  Pylon  
  20  3:41  Pylon  
  20  3:45  Probe  
  21  3:51  Probe  
  22  3:57  Probe  
  23  4:03  Probe  
  24  4:15  Probe  
  25  4:24  Fleet Beacon  
  25  4:26  Void Ray  
  25  4:27  Probe  
  26  4:36  Void Ray  
  30  4:40  Probe  
  35  4:52  Probe  
  36  5:04  Probe  
  37  5:12  Unknown  
  37  5:33  Assimilator  
  37  5:36  Probe  
  38  5:43  Tempest  
  38  5:48  Probe  
  44  6:01  Probe  
  32  6:35  Void Ray  
  32  6:37  Void Ray  
  31  6:46  Probe  
  40  6:58  Probe  
  41  7:10  Probe  
  42  7:17  Stargate  
  42  7:22  Probe  
  43  7:34  Probe  
  44  7:58  Tempest  
  49  8:11  Probe  
  50  8:14  Assimilator  
  50  8:23  Probe  
  51  8:30  Unknown  
  51  8:33  Tempest  
  56  8:35  Probe  
  57  8:47  Tempest, Probe  
  63  9:06  Void Ray  
  67  9:17  Probe  
  68  9:29  Probe, Nexus  
  69  9:38  Pylon  
  69  9:40  Pylon  
  69  9:42  Pylon  
  69  9:45  Pylon  
  69  9:46  Pylon  
  69  9:50  Void Ray  
  73  10:05  Void Ray  
  73  10:07  Void Ray  
  81  10:33  Tempest  
  86  10:50  Tempest  
  91  11:03  Probe  
  92  11:15  Probe  
  92  11:16  Tempest, Probe  
  99  11:21  Void Ray  
  99  11:27  Probe  
  99  11:28  Probe  
  105  11:40  Protoss Air Weapons Level 1 (Chrono Boost), Probe  
  48  13:26  Tempest (Chrono Boost)  
  56  13:30  Tempest (Chrono Boost)  
  34  14:01  Probe  
  30  14:13  Probe  
  24  14:46  Probe  
  25  14:58  Probe  
  19  15:07  Pylon  
  19  15:09  Pylon  
  19  15:12  Pylon  
  19  15:13  Pylon  
  13  15:24  Probe  
  14  15:36  Probe  
  15  15:45  Gateway  
  15  16:38  Cybernetics Core  
Show
View Real Time Build Order
Export as new Build Order

SeigenKTA Terran 

Build Orders:  

Get SALT Encoding   

  12  0:12  Supply Depot  
  12  0:24  Supply Depot  
  12  0:36  Barracks  
  12  0:47  Supply Depot  
  12  0:50  SCV  
  13  1:05  SCV  
  14  1:18  Refinery  
  14  1:32  Orbital Command  
  14  1:33  Refinery  
  14  1:52  Marine  
  15  2:32  SCV  
  16  2:40  Factory  
  16  2:44  SCV  
  17  2:57  SCV  
  18  3:07  Command Center  
  18  3:09  SCV  
  19  3:21  SCV  
  20  3:33  SCV  
  21  3:34  Starport  
  21  3:45  SCV  
  22  3:57  SCV  
  23  4:17  Starport Tech Lab  
  23  4:27  SCV  
  23  4:29  Fusion Core  
  24  4:32  Refinery  
  24  4:39  SCV  
  25  4:48  Supply Depot  
  25  4:51  SCV  
  26  5:04  SCV  
  26  5:06  Raven  
  29  5:16  SCV  
  30  5:22  Supply Depot, Starport  
  30  5:28  SCV  
  31  5:29  Refinery  
  31  5:40  SCV  
  32  5:46  Supply Depot  
  32  5:49  Battlecruiser  
  38  5:52  SCV  
  39  6:04  SCV  
  40  6:16  SCV  
  40  6:25  Starport Tech Lab  
  40  6:31  Armory  
  33  6:49  Battlecruiser  
  39  7:06  Supply Depot  
  39  7:09  Battlecruiser  
  39  7:11  Weapon Refit  
  45  7:19  Armory  
  45  7:59  SCV  
  45  8:04  Terran Ship Weapons Level 1  
  46  8:09  Supply Depot, Terran Vehicle And Ship Armor Level 1  
  46  8:11  SCV  
  47  8:16  Starport  
  47  8:23  SCV  
  48  8:35  SCV  
  49  8:45  Supply Depot  
  49  8:47  SCV  
  50  8:52  Starport Tech Lab  
  50  8:59  SCV  
  51  9:10  Supply Depot  
  51  9:11  SCV  
  52  9:20  Battlecruiser  
  52  9:23  SCV  
  59  9:34  Supply Depot  
  59  9:35  SCV  
  60  9:48  SCV  
  61  10:00  SCV, Terran Ship Weapons Level 2  
  61  10:02  Command Center  
  61  10:03  Terran Vehicle And Ship Armor Level 2  
  62  10:09  Supply Depot  
  62  10:12  SCV  
  63  10:20  Battlecruiser  
  69  10:24  SCV  
  70  10:36  SCV  
  71  10:44  Supply Depot  
  71  10:48  SCV  
  72  10:56  Battlecruiser  
  78  10:59  Battlecruiser  
  78  11:00  SCV  
  85  11:09  Corvid Reactor  
  85  11:19  Supply Depot  
  85  11:26  SCV  
  85  11:30  Refinery  
  86  11:38  Battlecruiser, SCV  
  93  11:44  Supply Depot  
  93  11:50  SCV  
  94  12:02  Battlecruiser, SCV  
  94  12:04  Battlecruiser  
  107  12:10  Supply Depot  
  107  12:14  SCV  
  108  12:19  Orbital Command  
  108  12:26  SCV  
  109  12:38  SCV  
Show
View Real Time Build Order
Export as new Build Order

TATORREA Protoss - Winner!

Build Orders: Carriers 

Get SALT Encoding   

  12  0:02  Probe  
  14  0:14  Probe  
  14  0:26  Pylon, Probe  
  15  0:44  Probe  
  16  0:51  Gateway  
  16  0:56  Probe  
  17  1:08  Probe  
  18  1:20  Gateway, Probe  
  18  1:21  Assimilator  
  19  1:32  Pylon, Probe  
  20  1:37  Assimilator  
  20  1:43  Cybernetics Core  
  20  1:44  Probe  
  21  1:55  Pylon  
  21  1:56  Probe  
  22  2:07  Gateway  
  22  2:08  Probe  
  23  2:20  Probe  
  24  2:44  Nexus  
  24  2:54  Twilight Council  
  24  3:00  Warp Gate  
  24  3:05  Pylon  
  24  3:07  Adept x2  
  28  3:14  Adept  
  30  3:22  Resonating Glaives (Chrono Boost)  
  30  3:37  Adept x2  
  34  3:44  Adept  
  36  3:57  Probe x2  
  38  4:06  Pylon  
  38  4:07  Adept  
  38  4:09  Probe x2  
  42  4:12  Adept  
  44  4:18  Adept  
  44  4:22  Probe  
  44  4:24  Probe  
  48  4:34  Probe  
  48  4:36  Probe  
  50  4:45  Stargate  
  50  4:46  Probe  
  50  4:48  Probe  
  52  4:59  Probe  
  53  5:00  Probe  
  53  5:03  Assimilator  
  53  5:06  Assimilator  
  54  5:11  Probe  
  54  5:12  Pylon, Probe  
  56  5:32  Fleet Beacon, Blink  
  56  5:33  Probe x2  
  58  5:45  Probe x2  
  60  5:57  Probe x2  
  60  6:28  Probe x2  
  46  6:40  Probe x2  
  46  6:42  Stalker x2  
  46  6:43  Stalker  
  54  6:47  Carrier  
  60  7:08  Nexus  
  60  7:10  Pylon  
  60  7:13  Pylon  
  60  7:26  Gateway  
  60  7:28  Gateway, Pylon x2  
  60  7:30  Pylon, Probe x2  
  60  7:31  Gateway, Forge  
  60  7:33  Gateway, Forge  
  60  7:34  Stalker  
  60  7:35  Stalker, Gateway  
  66  7:38  Gateway  
  66  7:39  Stalker  
  66  7:42  Probe x2  
  70  7:51  Pylon x2  
  70  8:06  Pylon  
  70  8:09  Pylon  
  70  8:10  Carrier  
  76  8:23  Pylon  
  76  8:33  Stalker  
  76  8:34  Stalker x5  
  84  8:48  Probe x3  
  85  8:53  Protoss Ground Weapons Level 1 (Chrono Boost)  
  85  8:54  Assimilator, Protoss Shields Level 1 (Chrono Boost)  
  85  8:56  Assimilator  
  85  9:00  Probe x3  
  88  9:12  Probe x3  
  88  9:14  Carrier  
  97  9:18  Protoss Air Weapons Level 1  
  95  9:50  Nexus  
  95  9:51  Pylon  
  90  9:54  Pylon  
  90  9:58  Stalker x2  
  90  9:59  Stalker x3  
  100  10:00  Stalker x4  
  107  10:15  Probe x2  
  107  10:16  Probe  
  110  10:27  Carrier, Probe  
  110  10:28  Probe x2  
  119  10:40  Probe  
  119  10:42  Probe x2  
  122  10:44  Protoss Ground Weapons Level 2 (Chrono Boost)  
  122  10:48  Protoss Shields Level 2  
  122  10:49  Stalker x2  
  126  10:52  Probe  
  126  10:54  Probe x2  
  129  11:08  Probe x3  
  129  11:09  Probe  
  133  11:20  Stalker x2, Probe x3  
  133  11:21  Stalker, Probe  
  133  11:25  Protoss Air Weapons Level 2 (Chrono Boost), Charge  
  143  11:31  Carrier  
  143  11:32  Probe x2  
  151  11:33  Assimilator  
  151  11:35  Probe x2  
  151  11:37  Assimilator  
  153  11:50  Templar Archives  
  153  11:53  Probe x3  
  156  11:56  Probe  
  157  12:02  Stalker x3  
  157  12:03  Stalker x2  
  157  12:04  Stalker  
  157  12:07  Stalker  
  171  12:09  Stalker  
  173  12:35  Carrier  
  173  13:17  Stalker  
  173  13:18  Stalker x6  
  173  13:19  Stalker x2  
  123  13:39  Carrier  
  117  13:42  Stalker x3  
  117  13:43  Stalker x3  
  117  13:44  Stalker x3  
  129  13:53  Protoss Ground Weapons Level 3, Protoss Shields Level 3  
  129  14:10  Nexus  
  129  14:14  High Templar x2  
  129  14:15  Pylon, High Templar x5  
  129  14:16  High Templar x2  
  129  14:17  Protoss Air Weapons Level 3 (Chrono Boost), Pylon  
  147  14:18  Archon  
  147  14:19  Archon x2  
  147  14:20  Archon  
  147  14:25  Psionic Storm  
  147  14:44  Carrier  
  153  14:46  Gateway  
  153  14:52  Zealot x4  
  161  14:53  Zealot x3  
  167  15:06  Gateway  
  167  15:08  Gateway  
  167  15:10  Gateway  
  167  15:13  Stalker x4, Gateway  
  167  15:14  Stalker x3  
  177  15:15  Stalker  
  177  15:16  Gateway  
  183  15:22  Gateway  
  183  15:25  Gateway  
  183  15:28  Gateway  
  183  15:30  Gateway  
  183  15:41  Gateway  
  183  15:44  Gateway  
  183  15:46  Gateway  
  183  15:49  Gateway, Stalker x5  
  193  15:50  Stalker x3, Gateway  
  121  16:22  Stalker  
  121  16:23  Stalker x5  
  121  16:24  Stalker x4  
  121  16:25  Stalker x3  
  129  16:26  Stalker x4  
  137  16:36  Pylon  
  137  16:41  Pylon  
  137  16:43  Stalker x3, Pylon  
  137  16:44  Stalker x2  
  147  16:49  Pylon  
  119  17:19  Stalker x4  
  119  17:20  Stalker x2  
  119  17:22  Stalker x4  
  139  17:23  Stalker x3  
  139  17:24  Stalker x2  
  138  17:47  Stalker x2  
  138  17:48  Stalker x3  
  138  17:49  Stalker x4  
Show
View Real Time Build Order
Export as new Build Order

MrFercho Zerg - Winner!

Build Orders: Hatch First, Lurkers, Roach Hydra 

Get SALT Encoding   

  12  0:00  Drone  
  13  0:13  Overlord  
  13  0:18  Drone  
  14  0:32  Drone x2  
  16  0:53  Hatchery  
  16  0:54  Drone  
  16  0:58  Drone  
  16  1:01  Drone  
  18  1:11  Extractor  
  17  1:19  Spawning Pool  
  17  1:21  Drone  
  17  1:24  Drone  
  18  1:31  Drone  
  19  1:43  Drone  
  20  1:54  Overlord  
  20  2:06  Queen x2  
  24  2:09  Zergling x4  
  24  2:14  Drone  
  27  2:17  Drone  
  27  2:22  Drone  
  29  2:25  Metabolic Boost  
  29  2:27  Drone  
  30  2:33  Drone  
  31  2:37  Drone  
  32  2:54  Overlord  
  32  2:55  Drone x2  
  34  3:01  Lair  
  34  3:03  Drone  
  35  3:10  Roach Warren  
  34  3:13  Evolution Chamber  
  34  3:15  Drone x2  
  34  3:16  Drone x2  
  37  3:24  Drone x3  
  40  3:27  Extractor, Overlord  
  39  3:34  Burrow  
  39  3:50  Zergling x10  
  39  3:51  Drone  
  39  3:52  Drone x2  
  47  4:04  Glial Reconstitution  
  47  4:10  Drone x5  
  47  4:13  Extractor  
  51  4:26  Zerg Missile Weapons Level 1  
  51  4:27  Drone  
  52  4:40  Overlord x3  
  52  4:45  Overseer  
  52  4:47  Spore Crawler  
  52  4:52  Drone, Spore Crawler  
  51  4:54  Drone  
  52  5:17  Roach x9  
  70  5:26  Tunneling Claws  
  70  5:30  Queen  
  72  5:45  Roach x2  
  72  5:46  Overlord x2  
  72  5:47  Overlord  
  76  5:57  Roach x11  
  70  6:49  Spire  
  70  6:52  Zerg Missile Weapons Level 2  
  68  6:54  Hydralisk Den  
  68  6:56  Roach x11  
  67  7:02  Roach x11  
  67  7:03  Roach  
  67  7:04  Overlord  
  67  7:05  Overlord x2  
  91  7:29  Roach x2  
  87  7:35  Overlord x2  
  69  7:57  Spore Crawler  
  69  7:58  Spore Crawler  
  67  8:04  Drone x4  
  71  8:06  Grooved Spines  
  71  8:12  Hydralisk x2  
  71  8:16  Ravager  
  69  8:25  Spore Crawler x2  
  67  8:27  Spore Crawler  
  67  8:29  Spore Crawler  
  67  8:30  Drone x2  
  67  8:31  Drone x2  
  69  8:34  Queen  
  71  8:43  Hydralisk  
  71  8:44  Hydralisk x3  
  79  9:02  Extractor  
  78  9:13  Nydus Network  
  77  9:18  Muscular Augments  
  77  9:20  Hatchery, Drone x3  
  77  9:21  Hatchery  
  78  9:24  Hydralisk x4  
  86  10:03  Zerg Flyer Weapons Level 1  
  86  10:19  Hydralisk x2  
  86  10:20  Hydralisk x11  
  112  10:33  Overlord x2  
  112  10:34  Overlord  
  112  10:35  Overlord x2, Infestation Pit  
  111  11:08  Lurker Den  
  111  11:11  Pneumatized Carapace  
  110  11:14  Queen  
  112  11:19  Hatchery  
  112  11:24  Hive  
  111  11:30  Drone  
  111  11:31  Drone x22  
  134  11:50  Hydralisk x4  
  134  12:03  Extractor  
  134  12:05  Zerg Ground Armor Level 1  
  134  12:07  Extractor  
  132  12:10  Lurker x4  
  125  12:26  Lurker x4  
  128  13:08  Nydus Canal  
  128  13:20  Hatchery  
  127  13:46  Hydralisk x14  
  127  13:47  Hydralisk  
  132  14:38  Hydralisk  
  132  14:39  Hydralisk x8  
  70  15:26  Hydralisk x4  
  70  15:27  Hydralisk x4  
  86  15:56  Seismic Spines  
  86  16:01  Hydralisk x4  
  86  16:02  Hydralisk  
  96  16:13  Extractor  
  96  16:15  Extractor  
  94  16:18  Nydus Canal  
  94  16:32  Lurker x5  
  99  16:35  Zergling x8  
  99  16:36  Zergling x18  
  112  16:53  Adaptive Talons  
  112  17:24  Hydralisk x9  
Show
View Real Time Build Order
Export as new Build Order

tigro Terran - Winner!

Build Orders:  

Get SALT Encoding   

  12  0:14  SCV  
  13  0:24  Supply Depot  
  13  0:26  SCV  
  14  0:38  SCV  
  15  0:47  Supply Depot  
  15  0:51  Barracks  
  15  1:00  Refinery  
  15  1:01  SCV  
  16  1:13  SCV  
  17  1:25  SCV  
  18  1:36  Refinery  
  18  1:37  SCV  
  18  1:38  Marine  
  20  1:49  SCV  
  21  1:56  Marine  
  22  2:05  SCV  
  23  2:14  Marine  
  24  2:17  SCV  
  25  2:25  Factory  
  25  2:29  SCV  
  26  2:32  Marine  
  27  2:50  Marine  
  28  2:53  Orbital Command  
  28  3:07  Command Center  
  28  3:09  Barracks Tech Lab  
  28  3:10  Factory Tech Lab  
  28  3:25  Engineering Bay  
  28  3:33  Siege Tank  
  31  3:49  Stimpack  
  31  4:05  Siege Tank  
  34  4:16  Refinery  
  34  4:21  Refinery  
  34  4:22  Terran Infantry Weapons Level 1  
  34  4:24  Marine  
  35  4:35  SCV  
  35  4:37  Siege Tank  
  39  4:42  Marine  
  40  4:47  SCV  
  41  4:59  SCV  
  42  5:00  Marine  
  43  5:11  SCV  
  44  5:18  Marine  
  45  5:23  SCV  
  45  5:27  Starport  
  46  5:28  Combat Shield  
  46  5:35  Marine, SCV  
  48  5:47  SCV  
  49  5:53  Marine  
  50  5:59  SCV  
  51  6:06  Missile Turret  
  50  6:11  Marine  
  45  6:28  Missile Turret  
  45  6:29  Marine  
  46  6:47  Marine  
  41  7:01  SCV  
  42  7:04  Medivac, Marine  
  45  7:09  Missile Turret  
  45  7:13  SCV  
  45  7:14  Armory  
  46  7:22  Marine  
  46  7:25  SCV  
  48  7:32  Missile Turret  
  48  7:37  SCV  
  48  7:40  Marine  
  50  7:44  Supply Depot  
  50  7:46  Starport Tech Lab  
  50  7:49  SCV  
  51  7:57  Terran Infantry Armor Level 1  
  51  7:58  Marine  
  51  8:01  Thor, SCV  
  51  8:03  Fusion Core  
  59  8:05  Terran Vehicle Weapons Level 1  
  59  8:07  Supply Depot  
  59  8:13  SCV  
  59  8:16  Marine  
  61  8:34  Marine  
  62  8:36  Missile Turret  
  62  8:44  Thor  
  68  8:51  Marine  
  68  8:53  SCV  
  70  8:57  Missile Turret  
  70  9:05  SCV  
  71  9:17  Battlecruiser, SCV  
  71  9:19  Barracks  
  71  9:20  Weapon Refit  
  71  9:23  Missile Turret  
  78  9:51  Neosteel Armor  
  78  10:00  Missile Turret, Terran Vehicle And Ship Armor Level 1  
  77  10:48  Missile Turret  
  77  10:51  Missile Turret  
  77  10:55  Marine  
  79  11:00  Rapid Reignition System  
  79  11:02  Barracks Reactor  
  78  11:10  Missile Turret  
  78  11:13  Marine  
  79  11:23  Planetary Fortress  
  79  11:26  Thor  
  79  11:31  Medivac, Marine, Hi-Sec Auto Tracking  
  79  11:32  Missile Turret  
  88  11:34  Command Center  
  88  11:39  Marine  
  89  11:40  Marine  
  90  11:48  Marine  
  90  11:54  Terran Ship Weapons Level 1  
  91  11:55  Missile Turret  
  91  11:57  Marine x2  
  93  12:06  Marine  
  94  12:14  Supply Depot  
  94  12:16  Missile Turret  
  94  12:35  Medivac, Marine x3  
  99  12:39  Supply Depot  
  99  12:45  Thor  
  99  12:48  Refinery  
  105  12:53  Marine x2  
  107  13:05  Battlecruiser  
  81  13:28  Thor  
  81  13:34  Marine x3  
  71  13:51  Marine  
  71  13:52  Marine x2  
  71  13:54  Planetary Fortress  
  74  14:00  Missile Turret  
  74  14:09  Marine  
  81  14:10  Marine x2, Battlecruiser  
  83  14:22  Missile Turret  
  83  14:27  Marine x3  
  83  14:30  SCV  
  87  14:42  SCV  
  87  14:45  Marine x3  
  89  14:46  Missile Turret  
  89  14:50  Refinery  
  91  14:55  SCV  
  92  15:03  Marine x3  
  96  15:07  SCV  
  96  15:11  Missile Turret  
  96  15:14  Medivac  
  98  15:19  SCV  
  98  15:21  Marine  
  93  15:27  Thor  
  100  15:36  Missile Turret  
  106  16:04  Marine x3  
  106  16:10  Thor  
  115  16:22  Marine x3  
  80  16:40  Marine  
  68  16:53  Thor  
  50  17:44  Missile Turret  
  47  18:04  Missile Turret  
  39  18:24  Missile Turret  
Tags
 
Add a new tag
Caveats
  • Supply blocks, unpowered buildings, or Contaminate may cause inaccurate times.
  • Supply counts are checked every 10 seconds.